 Dungeon Crawl Stone Soup version 0.21-a0-632-g1e37ce5 (webtiles) character file.

101 selimi01 the Shield-Bearer (level 4, 0/40 HPs)
             Began as a Hill Orc Fighter on Dec 27, 2017.
             Slain by a gnoll
             ... wielding a +0 spear
              (8 damage)
             ... on level 2 of the Dungeon on Dec 28, 2017.
             The game lasted 00:18:50 (2787 turns).

selimi01 the Shield-Bearer (Hill Orc Fighter)       Turns: 2787, Time: 00:18:51

Health: 0/40       AC:  6    Str: 16 (19) XL:     4   Next: 75%
Magic:  4/4        EV:  7    Int:  5 (8)  God:
Gold:   101        SH:  9    Dex:  8 (10) Spells: 3/3 levels left

rFire    . . .     SeeInvis .   a - +0 flail
rCold    . . .     Gourm    .   c - +0 shield
rNeg     . . .     Faith    .   l - +0 scale mail
rPois    .         Spirit   .   (no helmet)
rElec    .         Reflect  .   (no cloak)
rCorr    .         Harm     .   (no gloves)
MR       .....                  (no boots)
Stlth    ..........             (no amulet)
HPRegen  0.13/turn              (no ring)
MPRegen  0.09/turn              (no ring)

@: no status effects
A: no striking features
a: no special abilities


You were on level 2 of the Dungeon.
You were not hungry.

You visited 1 branch of the dungeon, and saw 3 of its levels.

You collected 101 gold pieces.

Inventory:

Hand Weapons
 a - a +0 flail (weapon)
 k - a cursed -2 spear
Missiles
 b - 99 stones (quivered)
 p - 6 javelins
Armour
 c - a +0 shield (worn)
 l - a +0 scale mail (worn)
 m - a +0 plate armour
Scrolls
 e - 4 scrolls of teleportation {unknown}
 g - a scroll of remove curse
 i - 2 scrolls of identify
 j - a scroll of random uselessness {unknown}
 n - a scroll of magic mapping {unknown}
 o - a scroll of fog {unknown}
 u - a scroll of immolation {unknown}
Potions
 d - 2 potions of might
 h - a potion of lignification {unknown}
 q - a potion of flight {unknown}
 r - a potion of brilliance {unknown}
 s - a potion of degeneration
 t - a potion of agility {unknown}
Comestibles
 f - 5 rations


   Skills:
 - Level 3.9 Fighting
 + Level 3.7 Maces & Flails
 - Level 3.6 Armour
 + Level 4.5 Shields


You had 3 spell levels left.
You didn't know any spells.

Dungeon Overview and Level Annotations

Branches:
Dungeon (3/15)

Altars:
Okawaru


Message History

The gnoll barely misses you.
You hit the gnoll.
The gnoll is moderately wounded.
The gnoll barely misses you. The gnoll hits you with a spear.
You closely miss the gnoll.
The gnoll is moderately wounded.
The gnoll hits you with a spear.
* * * LOW HITPOINT WARNING * * *
You block the gnoll's attack. The gnoll hits you with a spear.
* * * LOW HITPOINT WARNING * * *
The gnoll hits you but does no damage. You block the gnoll's attack.
You climb upwards.
There is a stone staircase leading down here.
You completely miss the gnoll.
The gnoll is moderately wounded.
You block the gnoll's attack.
You hit the gnoll.
The gnoll is severely wounded.
The gnoll hits you with a spear!
You die...

.<......##### #..................
.###....# #..................
...#....# #######............
...#....# #.......#..## ........#
#######.......##..# ........#
#..................
...##.#########..................
.......###...##..................
........#..#####@g.##.##...(.....
#.###รท#...## ###.#...#.##.##...
.........####### #.....).#...#...
#.###.#........# #.#...........##
#.# #..#######.###.##........#...
#.####.#######.##...........##..#
#........).##.....##...........##
#.................#........##.###
#...........................#.# #


You could see a gnoll.

Vanquished Creatures
  A hound skeleton (D:2)
  2 adders (D:3)
  An ooze (D:3)
  A worm (D:2)
  A dart slug (D:2)
  2 leopard geckos (D:1)
  A ball python (D:1)
  11 bats
  3 giant cockroaches
  6 goblins
  7 hobgoblins
  5 jackals (D:2)
  5 frilled lizards
  3 kobolds (D:1)
  8 rats
57 creatures vanquished.

Notes
Turn   | Place    | Note
-------+----------+-------------------------------------------
     0 | D:1      | selimi01 the Hill Orc Fighter began the quest for the Orb.
     0 | D:1      | Reached XP level 1. HP: 19/19 MP: 1/1
   243 | D:1      | Reached XP level 2. HP: 27/27 MP: 2/2
   603 | D:1      | Reached XP level 3. HP: 32/33 MP: 3/3
  1441 | D:2      | Reached skill level 4 in Shields
  1694 | D:2      | Reached XP level 4. HP: 38/40 MP: 4/4
  1801 | D:2      | Found an iron altar of Okawaru.
  2787 | D:2      | Slain by a gnoll

Vault maps used:
D:1:      shiori_arrival_elements, amethyst_killhole, minmay_tromino_v4_a
D:2:      lemuel_upstairs_altar, nicolae_overflow_hidden_temple, first_ration,
          hangedman_decor_clover_reticule, kennysheep_okawaru_gauntlet
D:3:      kennysheep_the_goblin_king, serial_park_tiny_pond

Skill      XL: |  1  2  3 |
---------------+----------+-----
Maces & Flails | 3 |  3.7
Shields        | 4 |  4.5
Fighting       | |  3.9
Armour         | |  3.6

Action                   |  1- 3 |  4- 6 || total
-------------------------+-------+-------++-------
Melee: Flail             |   166 |    41 ||   207
Throw: Stone             |       |    17 ||    17
  Use: Scroll            |     1 |     1 ||     2
       Potion            |       |     2 ||     2
  Eat: Chunk             |     3 |     1 ||     4
       Ration            |       |     1 ||     1
Armor: Scale mail        |   110 |    27 ||   137
       Leather armour    |     3 |       ||     3
Dodge: Dodged            |    51 |    18 ||    69
Block: Shield            |   110 |    37 ||   147

Table legend:
 A = Spawn XP
 B = Non-spawn XP
 C = Spawn XP percentage of total XP
 D = Spawn monster count
 E = Non-spawn monster count
 F = Spawn count percentage of total count
 G = Total turns spent on level
                    A         B        C        D         E        F      G
               +---------+---------+-------+---------+---------+-------+---------
         Total |       0 |     145 |   0.0 |       0 |      57 |   0.0 |  2787
               +---------+---------+-------+---------+---------+-------+---------
           D:1 |       0 |      51 |   0.0 |       0 |      32 |   0.0 |  1419
           D:2 |       0 |      56 |   0.0 |       0 |      19 |   0.0 |  1016
           D:3 |       0 |      38 |   0.0 |       0 |       6 |   0.0 |   352
               +---------+---------+-------+---------+---------+-------+---------
